 Dungeon Crawl Stone Soup version 0.16.2-12-gd0ad4c3 (webtiles) character file.

20319 faibistes the Thaumaturge (level 12, -9/72 HPs)
             Began as a Deep Elf Wizard on Mar 28, 2019.
             Was a High Priest of Sif Muna.
             Mangled by a six-headed hydra (15 damage)
             ... on level 3 of the Lair of Beasts.
             The game lasted 01:11:17 (23481 turns).

faibistes the Thaumaturge (Deep Elf Wizard)        Turns: 23481, Time: 01:11:18

Health: -9/72      AC: 14    Str:  4    XL:     12   Next: 44%
Magic:  18/36      EV: 17    Int: 32    God:    Sif Muna [*****.]
Gold:   743        SH:  0    Dex: 13    Spells: 7 memorised, 21 levels left

rFire  . . .     SeeInvis .     w - +2 short sword (elec)
rCold  . . .     Clarity  .     C - +2 robe {Archmagi}
rNeg   . . .     SustAb   +     (no shield)
rPois  .         Gourm    .     s - +2 helmet {Int+3}
rElec  .         Spirit   .     h - +0 cloak
rCorr  .         Warding  .     A - +1 pair of gloves
rMut   .         Stasis   .     M - +0 pair of boots
MR     +....                    (no amulet)
Stlth  ++........               y - +3 ring of protection
                                I - ring of sustain abilities

@: slowed, repel missiles, very slow, somewhat resistant to hostile
enchantments, unstealthy
A: no striking features
a: Channel Energy, Forget Spell, Renounce Religion


You were on level 3 of the Lair of Beasts.
You worshipped Sif Muna.
Sif Muna was extremely pleased with you.
You were hungry.

You visited 3 branches of the dungeon, and saw 16 of its levels.

You collected 743 gold pieces.

Inventory:

Hand weapons
 w - a +2 short sword of electrocution (weapon)
Armour
 h - a +0 cloak (worn)
 s - a +2 helmet of intelligence (worn)
 A - a +1 pair of gloves (worn)
 C - a +2 robe of the Archmagi (worn)
 M - a +0 pair of boots (worn)
 N - a +0 hat of magic resistance
Jewellery
 y - a +3 ring of protection (right hand)
 I - a ring of sustain abilities (left hand)
Magical devices
 k - a wand of heal wounds (1)
 o - a wand of disintegration (8)
 r - a wand of fireball (6)
 u - a wand of disintegration (7)
 x - a wand of confusion (24)
 D - a wand of slowing (32)
 E - a wand of polymorph (16)
 J - a wand of heal wounds (3)
Scrolls
 a - 2 scrolls of magic mapping
 c - a scroll of recharging
 f - 4 scrolls of teleportation
 n - 2 scrolls of blinking
 p - 5 scrolls of remove curse
 q - a scroll of fog
Potions
 b - 2 potions of ambrosia {unknown}
 e - a potion of poison {unknown}
 g - 2 potions of resistance
 i - 2 potions of flight
 v - 2 potions of cancellation
 z - a potion of haste
 B - a potion of invisibility
 G - 3 potions of restore abilities
 K - 2 potions of curing
 L - a potion of magic {unknown}
Miscellaneous
 P - a lamp of fire
Comestibles
 d - 11 bread rations
 j - 5 meat rations
 l - a fruit
 m - a royal jelly
 t - 2 slices of pizza
 H - 2 beef jerkies


   Skills:
 + Level 7.3 Fighting
 + Level 9.0 Dodging
 - Level 2.4 Stealth
 * Level 13.7 Spellcasting
 * Level 6.4 Conjurations
 + Level 6.3 Charms
 - Level 4.5 Summonings
 + Level 5.4 Translocations
 * Level 6.6 Fire Magic
 - Level 4.0 Ice Magic
 * Level 6.4 Invocations
 + Level 4.6 Evocations


You had 21 spell levels left.
You knew the following spells:

 Your Spells              Type           Power        Failure   Level  Hunger
a - Magic Dart            Conj           ####         1%          1    None
b - Conjure Flame         Conj/Fire      #######.     1%          3    None
c - Summon Ice Beast      Ice/Summ       ######..     4%          4    None
d - Blink                 Tloc           N/A          1%          2    None
e - Mephitic Cloud        Conj/Pois/Air  ######..     2%          3    None
f - Repel Missiles        Chrm/Air       ######       1%          2    None
g - Call Imp              Summ           ######..     1%          2    None


Dungeon Overview and Level Annotations

Branches:
Dungeon (12/15)            Temple (1/1) D:4            Lair (3/8) D:11
    Orc (0/4) D:9
  Swamp: Lair:3-6    Shoals: Lair:3-6     Snake: Lair:3-6    Spider: Lair:3-6

Altars:
Ashenzari
Cheibriados
Dithmenos
Elyvilon
Fedhas
Gozag
Kikubaaqudgha
Makhleb
Nemelex Xobeh
Okawaru
Qazlal
Ru
Sif Muna
Trog
Vehumet
Xom
Yredelemnul
Zin
The Shining One


Message History

The six-headed hydra bites you!
* * * LOW HITPOINT WARNING * * *
The six-headed hydra bites you.
* * * LOW HITPOINT WARNING * * *
Evoke which item? (* to show all) (? for menu, Esc to quit)
Zapping:
k - a wand of heal wounds (2)
Press: ? - help, Shift-Dir - straight line, f - you You feel much better.
This wand has 1 charge left.
The six-headed hydra bites you.
* * * LOW HITPOINT WARNING * * *
The six-headed hydra bites you but does no damage. x2
The six-headed hydra bites you!
* * * LOW HITPOINT WARNING * * *
The six-headed hydra completely misses you.
The six-headed hydra bites you.
* * * LOW HITPOINT WARNING * * *
The yak gores you.
* * * LOW HITPOINT WARNING * * *
The six-headed hydra bites you!
You die...

#..#......#
#........#
#........####
.#..#......#..###
......<.......#..###
..###.§§...P.....>+
#....wHY####
##...Y§D## #.....Y@#
###.§#P## #..###
#.#.## #....####
###+...P# #<...##
#......# .....+....


You could see a six-headed hydra, a torpor snail, 3 yaks and a hippogriff.

Vanquished Creatures
  Gastronok (Lair:1)
  A hydra (D:11)
  The ghost of faibistes the Thaumaturge, an experienced DEWz of Sif Muna (D:11)
  2 hill giants
  2 cyclopes (D:11)
  An ugly thing (D:11)
  Psyche (D:7)
  A spiny frog (Lair:1)
  A two-headed ogre (D:7)
  6 trolls
  A spriggan (D:7)
  Eustachio (D:7)
  4 hippogriffs
  17 yaks
  2 wolves (D:11)
  3 porcupines
  A water moccasin (Lair:1)
  An ice beast (D:7)
  5 orc warriors
  4 sky beasts
  A black bear (D:9)
  9 centaurs
  A phantom (D:4)
  3 crocodiles (Lair:1)
  Sigmund (D:3)
  Duvessa (D:6)
  A big kobold (D:11)
  5 ogres
  The ghost of faibistes the Magician, an average DEWz (D:4)
  Blork the orc (D:5)
  6 giant frogs
  5 scorpions
  18 jellies
  A water moccasin skeleton (D:5)
  9 killer bees
  3 goliath beetles
  Dowan (D:6)
  A centaur zombie (D:8)
  2 giant frog zombies
  12 orc priests
  13 hounds
  4 electric eels (D:11)
  A gnoll shaman (D:6)
  7 crimson imps
  2 centaur skeletons
  A giant frog skeleton (D:12)
  10 iguanas
  5 orc wizards
  Natasha (twice) (D:4)
  6 worker ants
  3 sheep (D:11)
  Ijyb (D:5)
  A hound zombie (D:9)
  Terence (D:3)
  2 hound skeletons
  A mummy (D:11)
  A worker ant zombie (D:11)
  Robin (D:3)
  17 adders
  2 river rats (Lair:1)
  2 giant mites (D:4)
  3 gnolls (D:2)
  3 worms
  An adder skeleton (D:5)
  10 giant geckos
  12 oozes
  46 orcs
  2 ball pythons
  20 bats
  2 bat skeletons
  A bat zombie (D:6)
  7 giant cockroaches
  15 hobgoblins
  12 jackals
  A giant cockroach zombie (D:5)
  2 giant gecko skeletons
  5 giant newts
  A giant spore (D:11)
  23 goblins
  22 kobolds
  8 quokkas
  2 quokka skeletons (D:6)
  A quokka zombie (D:8)
  17 rats
  4 ballistomycetes (D:11)
441 creatures vanquished.

Vanquished Creatures (collateral kills)
  2 hydras
  The ghost of faibistes the Thaumaturge, a powerful DEWz of Sif Muna (D:8)
  A griffon (Lair:2)
  An oklob plant (Lair:1)
  An ugly thing (D:11)
  3 spiny frogs
  A yak (D:11)
  A water elemental (D:11)
  2 water moccasins
  A wolf (D:11)
  An orc warrior (D:11)
  An ice beast (D:9)
  A crocodile (Lair:2)
  A big kobold (D:11)
  A giant frog (D:7)
  7 killer bees
  A hound (D:8)
  An orc priest (D:11)
  A crimson imp (D:8)
  3 river rats (Lair:1)
  A worm (D:3)
  An ooze (D:3)
  5 orcs
  A quokka (D:9)
  6 kobolds
  A rat (D:3)
47 creatures vanquished.

Vanquished Creatures (others)
  6 ice beasts
  A crimson imp (D:9)
  6 white imps
  5 fungi (Lair:1)
  A plant (D:8)
19 creatures vanquished.

Grand Total: 507 creatures vanquished

Notes
Turn   | Place    | Note
--------------------------------------------------------------
     0 | D:1      | faibistes, the Deep Elf Wizard, began the quest for the Orb.
     0 | D:1      | Reached XP level 1. HP: 10/10 MP: 6/6
   580 | D:1      | Reached XP level 2. HP: 15/15 MP: 0/9
   584 | D:1      | Learned a level 2 spell: Blink
   587 | D:1      | Learned a level 2 spell: Call Imp
  1538 | D:3      | Reached XP level 3. HP: 15/19 MP: 2/13
  1556 | D:3      | Learned a level 3 spell: Conjure Flame
  1560 | D:3      | Learned a level 3 spell: Mephitic Cloud
  1686 | D:2      | Reached skill level 5 in Spellcasting
  1881 | D:2      | Reached XP level 4. HP: 20/24 MP: 13/17
  1885 | D:2      | Learned a level 2 spell: Repel Missiles
  2210 | D:2      | Found a sacrificial altar of Ru.
  2268 | D:2      | Found a bloodstained altar of Trog.
  2877 | D:3      | Noticed Terence
  2902 | D:3      | Killed Terence
  2902 | D:3      | Reached XP level 5. HP: 28/28 MP: 8/20
  3046 | D:3      | Noticed Robin
  3054 | D:3      | Killed Robin
  3367 | D:3      | Reached skill level 6 in Spellcasting
  3394 | D:4      | Found a shimmering altar of Xom.
  3439 | D:5      | Entered Level 5 of the Dungeon
  3535 | D:3      | Noticed Sigmund
  3544 | D:3      | Killed Sigmund
  3544 | D:3      | Reached XP level 6. HP: 22/32 MP: 6/22
  4129 | D:4      | Found a shattered altar of Ashenzari.
  4344 | D:4      | Noticed faibistes' ghost (average DEWz)
  4361 | D:4      | Killed faibistes' ghost
  4361 | D:4      | Reached skill level 1 in Fighting
  4519 | D:4      | Noticed a phantom
  4554 | D:4      | Killed a phantom
  4554 | D:4      | Reached skill level 7 in Spellcasting
  4554 | D:4      | Reached XP level 7. HP: 37/39 MP: 7/25
  4663 | D:4      | Noticed Natasha
  4678 | D:4      | Killed Natasha
  4767 | D:5      | Noticed an ogre
  4775 | D:5      | Killed an ogre
  5045 | D:4      | Found a staircase to the Ecumenical Temple.
  5051 | Temple   | Entered the Ecumenical Temple
  5380 | D:4      | Noticed Natasha
  5381 | D:4      | Reached skill level 5 in Dodging
  5383 | D:4      | Killed Natasha
  5594 | D:5      | Noticed a centaur
  5774 | D:5      | Killed a centaur
  5774 | D:5      | Reached skill level 8 in Spellcasting
  5968 | D:5      | Noticed a centaur
  5971 | D:5      | Noticed Blork the orc
  5996 | D:5      | Killed Blork the orc
  5996 | D:5      | Reached XP level 8. HP: 40/46 MP: 11/27
  6042 | D:5      | Killed a centaur
  6226 | D:6      | Noticed Dowan
  6351 | D:6      | Noticed Ijyb
  6613 | D:5      | Killed Ijyb
  6792 | D:5      | Reached skill level 9 in Spellcasting
  7535 | D:6      | Noticed Duvessa
  7552 | D:6      | Killed Duvessa
  7559 | D:6      | Killed Dowan
  7776 | D:6      | Reached skill level 5 in Fighting
  7776 | D:6      | Reached skill level 10 in Spellcasting
  8464 | D:6      | Reached XP level 9. HP: 34/54 MP: 14/30
  8660 | D:7      | Noticed Eustachio
  8908 | D:7      | Killed Eustachio
  9328 | D:8      | Reached skill level 11 in Spellcasting
  9331 | D:8      | Found a blossoming altar of Fedhas.
  9589 | D:7      | Noticed a hill giant
  9620 | D:7      | Killed a hill giant
  9802 | D:7      | Found a deep blue altar of Sif Muna.
  9805 | D:7      | Became a worshipper of Sif Muna the Loreminder
  9811 | D:7      | Learned a level 4 spell: Summon Ice Beast
 10018 | D:7      | Reached skill level 1 in Charms
 10018 | D:7      | Reached skill level 1 in Invocations
 10318 | D:7      | Reached skill level 12 in Spellcasting
 10382 | D:7      | Found a basalt altar of Yredelemnul.
 10386 | D:7      | Found an iron altar of Okawaru.
 10391 | D:7      | Found a glowing golden altar of the Shining One.
 10457 | D:8      | Noticed faibistes' ghost (powerful DEWz)
 11002 | D:7      | Reached skill level 1 in Fire Magic
 11002 | D:7      | Reached XP level 10. HP: 50/61 MP: 20/32
 11119 | D:9      | Reached skill level 1 in Evocations
 11185 | D:9      | Reached skill level 1 in Ice Magic
 11383 | D:10     | Entered Level 10 of the Dungeon
 11402 | D:8      | Noticed Psyche
 11601 | D:7      | Killed Psyche
 11934 | D:8      | Acquired Sif Muna's first power
 12243 | D:8      | Killed faibistes' ghost
 12724 | D:8      | Found a stormy altar of Qazlal.
 13583 | D:9      | Found a sparkling altar of Nemelex Xobeh.
 13943 | D:9      | Found a staircase to the Orcish Mines.
 15041 | D:10     | Acquired Sif Muna's second power
 15713 | D:10     | Noticed a hill giant
 15723 | D:10     | Killed a hill giant
 15723 | D:10     | Reached XP level 11. HP: 66/66 MP: 16/34
 15888 | D:11     | Noticed faibistes' ghost (experienced DEWz)
 15902 | D:11     | Killed faibistes' ghost
 16139 | D:11     | Reached skill level 5 in Conjurations
 17488 | D:11     | Found a staircase to the Lair.
 18069 | D:10     | Reached skill level 13 in Spellcasting
 18648 | D:11     | Noticed a five-headed hydra
 18685 | D:11     | Killed a five-headed hydra
 18685 | D:11     | Reached skill level 5 in Fire Magic
 18685 | D:11     | Reached skill level 5 in Invocations
 19277 | D:11     | Reached skill level 5 in Charms
 19653 | D:11     | Acquired Sif Muna's third power
 20362 | D:11     | Reached XP level 12. HP: 72/72 MP: 13/35
 20734 | D:11     | Reached skill level 5 in Translocations
 20795 | Lair:1   | Entered Level 1 of the Lair of Beasts
 20908 | Lair:1   | Noticed Gastronok
 20924 | Lair:1   | Killed Gastronok
 21240 | Lair:1   | You fall through a shaft!
 21240 | Lair:2   | Noticed a five-headed hydra
 21305 | Lair:2   | Killed a five-headed hydra
 21750 | Lair:1   | Noticed a four-headed hydra
 21756 | Lair:1   | Killed a four-headed hydra
 23468 | Lair:3   | Noticed a six-headed hydra
 23480 | Lair:3   | HP: 3/72 [six-headed hydra (4)]
 23481 | Lair:3   | Mangled by a six-headed hydra

Action                   |  1- 3 |  4- 6 |  7- 9 | 10-12 || total
-------------------------+-------+-------+-------+-------++-------
Melee: Short sword       |     1 |     3 |    30 |   122 ||   156
 Cast: Magic Dart        |    78 |   185 |   470 |   696 ||  1429
       Call Imp          |     2 |     5 |     7 |     8 ||    22
       Mephitic Cloud    |     1 |     3 |    35 |    68 ||   107
       Conjure Flame     |       |     6 |    48 |   137 ||   191
       Repel Missiles    |       |     2 |     3 |     1 ||     6
       Blink             |       |       |    10 |    33 ||    43
       Summon Ice Beast  |       |       |       |    58 ||    58
Invok: Channel Energy    |       |       |       |    12 ||    12
Evoke: Wand              |       |       |     2 |     6 ||     8
  Use: Scroll            |       |     1 |    13 |     9 ||    23
       Potion            |       |       |     3 |       ||     3
 Stab: Sleeping          |     1 |       |     1 |       ||     2
       Confused          |       |       |     1 |     1 ||     2
       Distracted        |       |       |       |     1 ||     1
  Eat: Chunk             |     3 |     8 |    19 |    35 ||    65
       Fruit             |       |       |       |     5 ||     5
